[Event "*** Titled Tuesday Blitz"]
[Site "Chess.com"]
[Date "2018.10.02"]
[Round "8"]
[White "Shant_Sargsyan"]
[Black "tigra"]
[Result "0-1"]
[WhiteElo "2896"]
[BlackElo "2793"]
[TimeControl "180+2"]
[EndTime "14:48:37 PDT"]
[Termination "tigra won by checkmate"]

1. d4 Nf6 2. Nf3 g6 3. g3 Bg7 4. Bg2 O-O 5. c4 d5 6. cxd5 Nxd5 7. O-O Nb6 8. Nc3 Nc6 9. e3 a5 10. b3 e5 11. dxe5 Nxe5 12. Nxe5 Bxe5 13. Bb2 Qxd1 14. Rfxd1 c6 15. f4 Bg7 16. e4 Bg4 17. Rdc1 Rfd8 18. Rc2 a4 19. Re1 axb3 20. axb3 Be6 21. b4 Bb3 22.
Rce2 Bc4 23. Rc2 Bd3 24. Rf2 Bd4 25. Nd1 Bxf2+ 26. Nxf2 f5 27. Bf6 Rd7 28. e5 Bc4 29.
g4 Be6 30. gxf5 Bxf5 31. Ne4 Bxe4 32. Bxe4 Rf8 33. f5 Rd2 34. fxg6 hxg6 35. e6 Rxf6 36. e7 Re6 37. Bd5 Nxd5 38. Rxe6 Nc7 39. e8=Q+ Nxe8 40. Rxe8+ Kf7 41. Rb8 Rd7 42. Kf2 Ke6 43. Ke3 Kd5 44. Kd3 Rh7 45. Rd8+ Ke5 46. Re8+ Kf5 47. Re2 Rh4 48. Kc3 g5 49. Rf2+ Rf4 50. Re2 Kg4 51.
Re7 b5 52. Re6 Rc4+ 53. Kb3 Kh3 54. Rh6+ Rh4 55. Rxc6 Kxh2 56. Rc2+ Kh3 57. Rc3+ Kg2 58. Rc5 g4 59. Rxb5 g3 60. Rg5 Kf3 61. b5 g2 62.
b6 Rg4 63. Rf5+ Ke3 64. Re5+ Kd2 65. Rd5+ Kc1 66. b7 g1=Q 67. b8=Q Qe3+ 68. Ka2 Ra4# 0-1

[Event "*** Titled Tuesday Blitz"]
[Site "Chess.com"]
[Date "2018.10.02"]
[Round "8"]
[White "TST2014"]
[Black "topotun"]
[Result "1/2-1/2"]
[WhiteElo "2481"]
[BlackElo "2688"]
[TimeControl "180+2"]
[EndTime "14:48:49 PDT"]
[Termination "Game drawn by agreement"]

1. d4 Nf6 2. c4 e6 3. Nf3 d5 4.
Nc3 dxc4 5. e3 a6 6. a4 c5 7. Bxc4 Nc6 8. O-O Be7 9. Qe2 cxd4 10. Rd1 e5 11. exd4 exd4 12. Nxd4 Nxd4 13. Qe3 O-O 14. Rxd4 Qc7 15. Qf4 Qxf4 16. Bxf4 Bc5 17.
Rd2 Be6 18. Bxe6 fxe6 19. Bd6 Rfd8 20. Rad1 Rac8 21. h3 Kf7 22. g4 h6 23. Kg2 Rc6 24.
Be5 Rxd2 25. Rxd2 Ke7 26. f4 Bb4 27. Kf3 Rc4 28. Rd4 Rxd4 29. Bxd4 g6 30. Ne4 Nxe4 31.
Kxe4 h5 32. gxh5 gxh5 33. f5 Bd6 34. Be5 Bc5 35. Kf4 Bb4 36. f6+ Kf7 37. Kg5 h4 38. Kxh4 Kg6 39. Kg4 Bd2 40. h4 Bc1 41. h5+ Kf7 42.
b3 Bd2 43. Bf4 Bc3 44. Bg5 Bb4 45. Kf3 Bd6 46. Ke4 b5 47. axb5 axb5 48. Bf4 Bb4 49. Be5 Bf8 50. Kd4 Bb4 51. Ke4 Bf8 52. Bc3 Bd6 53.
Bd4 Kg8 54. Be5 Bb4 55. Bf4 Bc3 56. Be5 Bb4 57. Kd4 Kf7 58. h6 Kg6 59. Bf4 Kxf6 60. h7 Kg7 61. Ke5 Kxh7 62. Kxe6 Kg6 63. Kd7 Kf5 64. Bd6 Bc3 65. Kc6 Ke6 66. Bc5 b4 67.
Kb5 Kd7 68. Bxb4 Be5 69. Ba5 Kc8 70. Ka6 Bd6 71. Kb5 Kb7 72. Bb4 Bxb4 73. Kxb4 Kb6 1/2-1/2

[Event "*** Titled Tuesday Blitz"]
[Site "Chess.com"]
[Date "2018.10.02"]
[Round "8"]
[White "sergoy"]
[Black "jerom555888"]
[Result "1/2-1/2"]
[WhiteElo "2786"]
[BlackElo "2711"]
[TimeControl "180+2"]
[EndTime "14:48:53 PDT"]
[Termination "Game drawn by repetition"]

1. d3 d5 2. Nf3 Nc6 3. g3 e5 4.
Bg2 f6 5. O-O Be6 6. a3 Qd7 7.
b4 Bh3 8. b5 Nd8 9. c4 Bxg2 10.
Kxg2 Ne7 11. Nc3 d4 12. Ne4 Ne6 13. a4 Ng6 14. a5 h6 15. a6 b6 16. Ba3 Bxa3 17.
Rxa3 f5 18. Ned2 Nc5 19. Nb3 Nxb3 20. Rxb3 c5 21. bxc6 Qxc6 22. Rb5 O-O 23. Kg1 Rfe8 24. Qb3 Kh7 25. Rc1 Rad8 26. c5 e4 27. Nd2 Rd5 28. dxe4 fxe4 29. Qb1 Rxc5 30. Rcxc5 bxc5 31. Rb7 Qxa6 32. Nxe4 c4 33. h4 d3 34. exd3 cxd3 35. Nc5 Qc6 36. Nxd3 Qe4 37. Rb4 Qf5 38. Rb5 Qe4 39.
h5 Ne5 40. Nf4 Nf3+ 41. Kg2 Ne1+ 42. Kh3 Qxb1 43. Rxb1 Nf3 44. Rb7 a5 45. Ra7 Ng5+ 46.
Kg2 Ne6 47. Nd5 Rd8 48. Ne7 Re8 49. Ng6 Nf8 50. Nh4 Ne6 51. Rxa5 Rf8 52. f4 Rf6 53. Ra7 Kg8 54. Ng6 Nd4 55. g4 Rd6 56. f5 Rd8 57. Kg3 Nc6 58. Rc7 Nd4 59. Nf4 Re8 60. Rd7 Ne2+ 61. Nxe2 Rxe2 62. Kf4 Rf2+ 63. Ke5 Rg2 64.
Kf4 Rf2+ 65. Kg3 Rf1 66. Ra7 Kf8 67. Kg2 Rf4 68. Kg3 Rf1 69. Rc7 Kg8 70. Rc4 Kf7 71.
Kg2 Rd1 72. Kf3 Rg1 73. Kf4 Re1 74. Re4 Ra1 75. Rb4 Re1 76. Re4 Ra1 77. Re3 Ra4+ 78. Kf3 Ra1 79. Rb3 Re1 80. Rb7+ Kf8 81. Kf4 Re2 82.
Ra7 Re1 83. Ra6 Kf7 84. Ra7+ Kf8 85. Ra4 Kf7 86. Re4 1/2-1/2

[Event "*** Titled Tuesday Blitz"]
[Site "Chess.com"]
[Date "2018.10.02"]
[Round "8"]
[White "alishersuleymenov"]
[Black "francogreek"]
[Result "1/2-1/2"]
[WhiteElo "2479"]
[BlackElo "2368"]
[TimeControl "180+2"]
[EndTime "14:48:56 PDT"]
[Termination "Game drawn - insufficient material"]

1. d4 e6 2. c4 f5 3. g3 Nf6 4. Nf3 Be7 5. Bg2 O-O 6. O-O d6 7. Nc3 Ne4 8. Qc2 Nxc3 9. bxc3 Nc6 10. e4 e5 11. c5 exd4 12. Nxd4 Nxd4 13. cxd4 dxc5 14.
dxc5 c6 15. Bb2 Qe8 16. Rab1 f4 17. Rfe1 Bg5 18. Bd4 Be6 19. Rxb7 Rf7 20. Reb1 Rd8 21. Be5 h5 22. Bd6 h4 23. a4 fxg3 24. hxg3 hxg3 25. Bxg3 Rxb7 26. Rxb7 Rd2 27. Qc3 Qg6 28. Bf3 Bf4 29. Kf1 Bh3+ 30. Ke1 Ra2 31. Rxg7+ Qxg7 32. Qb3+ Qf7 33. Qxf7+ Kxf7 34. Bxf4 Rxa4 35. Bd6 Rb4 36. e5 Bd7 37. Bh5+ Kg7 38. Kd2 a5 39. Kc3 Rb7 40.
f4 a4 41. Bd1 a3 42. Bb3 Kg6 43. e6 Be8 44. Bc2+ Kf6 45. Bb3 Kf5 46. e7 Ke4 47. Bc2+ Ke3 48. Bb3 Ke4 49. Bc2+ Kf3 50. Bb3 Kg4 51.
Be6+ Kh5 52. Bb3 Kh4 53. Ba2 Kg4 54. Be6+ Kh4 55. Bb3 Rb5 56. Bc4 Rb2 57. Be5 Rf2 58. Kb4 a2 59. Ka3 Rxf4 60. Bb3 Re4 61. Bf6+ Kh5 62.
Bxa2 Re3+ 63. Kb4 Kg6 64. Bd4 Rxe7 65. Bb3 Bf7 66. Bc2+ Kg5 67. Ka5 Bd5 68. Kb6 Kf4 69. Bg6 Kf3 70. Bh5+ Kg2 71. Bf6 Re6 72. Bd8 Kf2 73.
Bc7 Ke3 74. Bg4 Rf6 75. Bd7 Rf7 76. Bxc6 Bxc6 77. Kxc6 Kd4 78. Bd6 Rf5 79. Kb6 Rxc5 80. Bxc5+ 1/2-1/2

[Event "*** Titled Tuesday Blitz"]
[Site "Chess.com"]
[Date "2018.10.02"]
[Round "8"]
[White "nearestway"]
[Black "NemtsevIgor"]
[Result "1/2-1/2"]
[WhiteElo "2526"]
[BlackElo "2378"]
[TimeControl "180+2"]
[EndTime "14:49:02 PDT"]
[Termination "Game drawn by agreement"]

1. c4 c6 2. d4 d6 3. e4 Nd7 4.
Nc3 h6 5. Be2 g5 6. Be3 Bg7 7.
h4 Qa5 8. Qd2 gxh4 9. Rxh4 a6 10. Nf3 b5 11. Kf1 Nf8 12. Rh1 Ng6 13. d5 c5 14. cxb5 h5 15. bxa6 Bxa6 16. Bxa6 Qxa6+ 17. Qe2 Nf6 18. Nd2 Ng4 19. Nc4 Rb8 20. Nd1 Nxe3+ 21. Ndxe3 Nf4 22. Qc2 Rxb2 23. Qd1 Rb4 24. Rc1 Qxa2 25.
g3 Ng6 26. Rxh5 Rxh5 27. Qxh5 Bd4 28. Qg4 Kf8 29. Qc8+ Kg7 30. Nf5+ Kf6 31. Nxd4 cxd4 32. Kg2 Qe2 33. Qf5+ Kg7 34. Qf3 Qxf3+ 35. Kxf3 Rxc4 36. Rd1 Rc3+ 37. Kg2 d3 38. f4 e5 39. dxe6 fxe6 40. Kf2 e5 41. Ke3 d2+ 42. Kxd2 Rxg3 43. fxe5 dxe5 44.
Ra1 Kf6 45. Ke2 Nf4+ 46. Kf2 Rb3 47. Ra8 Nd3+ 48. Kg3 Nc5+ 49. Kg4 Nxe4 50. Ra6+ Kf7 51. Kf5 Nc5 52. Ra7+ Nb7 53. Kxe5 Ke7 54. Ra1 Kd7 55. Rh1 Kc6 56. Rh6+ Kc5 57. Kf4 Nd6 58. Rh8 Kd5 59. Rd8 Rb4+ 60. Kf3 Ke5 61. Ke2 Nf5 62. Re8+ Kf4 63.
Kd2 Ng3 64. Kc3 Ra4 65. Kb3 Ra6 66. Kb4 Rd6 67. Kc4 Rd1 68. Kc3 Ne4+ 69. Kc2 Rd7 70. Rf8+ Ke3 71. Re8 Rc7+ 72. Kb3 Kd4 73. Rd8+ Kc5 74.
Rh8 Rb7+ 75. Kc2 Kc4 76. Rc8+ Nc5 77. Kd2 Re7 78. Rc6 Rh7 79. Rc8 Rh3 80. Ke2 Kd4 81.
Rd8+ Ke5 82. Re8+ Ne6 83. Kd2 1/2-1/2

[Event "*** Titled Tuesday Blitz"]
[Site "Chess.com"]
[Date "2018.10.02"]
[Round "8"]
[White "FearlessKing64"]
[Black "MikeSailer"]
[Result "1/2-1/2"]
[WhiteElo "2204"]
[BlackElo "2074"]
[TimeControl "180+2"]
[EndTime "14:49:31 PDT"]
[Termination "Game drawn - insufficient material"]

1. e4 d5 2. exd5 Qxd5 3. Nc3 Qd8 4. d4 Nf6 5. g3 Bg4 6. Qd3 c6 7. Bg5 e6 8. Bg2 Be7 9. Nge2 Nbd7 10. h3 Bf5 11.
Qd2 h6 12. Be3 Qa5 13. a3 Nd5 14. O-O Nxc3 15. Nxc3 O-O 16. d5 cxd5 17. Nxd5 Qd8 18. Nxe7+ Qxe7 19. g4 Bg6 20. Bxb7 Rab8 21. Bc6 Ne5 22.
Bg2 Nc4 23. Qc3 Nxe3 24. Qxe3 Rxb2 25. c4 Rc8 26. Rfc1 Qc7 27. c5 e5 28. c6 Rb6 29.
Bd5 Kh7 30. Rc5 f6 31. Rac1 Rcb8 32. a4 Rb1 33. Rxb1 Rxb1+ 34. Kg2 Rb6 35. a5 Rb4 36.
Qc3 Rb1 37. Rc4 Rb8 38. Qf3 Rb1 39. Be4 Rb5 40. Bxg6+ Kxg6 41. Qf5+ Kf7 42. Qd7+ Qxd7 43. cxd7 Rd5 44. Rc7 Ke7 45. Rxa7 Kd8 46. a6 Ra5 47. f3 Ra4 48. Kg3 g6 49. h4 Ra3 50.
h5 gxh5 51. gxh5 e4 52. Ra8+ Kxd7 53. Rh8 Rxf3+ 54. Kg2 Ra3 55. Rxh6 Rxa6 56. Rg6 Ra5 57. h6 Ke6 58. Kg3 Rh5 59. Kf4 Rh4+ 60. Ke3 Kf5 61. Rg1 Rh3+ 62. Kd4 Rxh6 63. Rf1+ Kg4 64. Kxe4 f5+ 65.
Ke3 Re6+ 66. Kf2 Re4 67. Rg1+ Kf4 68. Rg8 Ra4 69. Rb8 Ra2+ 70. Ke1 Kg4 71. Rb4+ f4 72. Rb3 f3 73. Rb8 Ra1+ 74. Kf2 Ra2+ 75. Kf1 Ra1+ 76. Kf2 Ra2+ 77. Kf1 f2 78. Rg8+ Kf3 79. Rf8+ Ke3 80. Re8+ Kd3 81. Rd8+ Ke4 82. Re8+ Kd5 83. Rd8+ Ke6 84.
Rf8 Ke7 85. Rxf2 Rxf2+ 86. Kxf2 1/2-1/2

[Event "*** Titled Tuesday Blitz"]
[Site "Chess.com"]
[Date "2018.10.02"]
[Round "8"]
[White "Rashad_Zeynalli"]
[Black "sergeikim"]
[Result "1-0"]
[WhiteElo "2341"]
[BlackElo "2418"]
[TimeControl "180+2"]
[EndTime "14:50:07 PDT"]
[Termination "Rashad_Zeynalli won on time"]

1. e4 e5 2. Nf3 Nc6 3. Bb5 a6 4. Ba4 Nf6 5. O-O Be7 6. Re1 b5 7. Bb3 O-O 8. h3 Bb7 9. c3 d5 10. exd5 Nxd5 11. Nxe5 Nxe5 12. Rxe5 Nf4 13. d4 Nxg2 14.
d5 Nh4 15. Nd2 Bd6 16. Rh5 Qe7 17. Nf1 Ng6 18. Bg5 f6 19. Be3 Ne5 20. Qc2 g6 21. Rh6 Rae8 22. Nh2 f5 23. Bf4 Nf7 24. Qd2 Nxh6 25. Bxh6 Rf7 26. Nf3 f4 27. Ng5 Qe2 28. Qxe2 Rxe2 29. Nxf7 Kxf7 30. Rb1 Kf6 31. h4 Ke5 32.
Bg7+ Kf5 33. Kf1 f3 34. Bd1 Re7 35. Bd4 Bxd5 36. Bc2+ Be4 37. Bxe4+ Rxe4 38. Rd1 Rxh4 39. Kg1 Rg4+ 40. Kf1 h5 41. Rd3 h4 42. Rxf3+ Ke4 43.
Rf7 Kd5 44. Rh7 g5 45. Ke2 Re4+ 46. Kd3 Re7 47. Rh5 Bf4 48. Bf6 Rd7 49. Bxg5 Ke6+ 50. Ke2 Rd5 51. Rh6+ Kf5 52. Bxf4 Kxf4 53. Rxh4+ Kg5 54.
Rh7 c5 55. f3 Kf4 56. Rf7+ Ke5 57. Ke3 c4 58. Ra7 Rd3+ 59. Ke2 Rd6 60. Rh7 Kf4 61. Rf7+ Ke5 62. Re7+ Kf4 63. Re4+ Kf5 64. Rd4 Rh6 65.
Ke3 Rh2 66. Rd5+ Ke6 67. Rd2 Rh5 68. f4 Rh1 69. Kd4 Kf5 70. Rf2 Rd1+ 71. Kc5 Rd3 72.
Kb6 Rd6+ 73. Kc7 Re6 74. Kb7 Rd6 75. Ka7 Re6 76. Kb7 Rd6 77. Kc7 Re6 78. Kd7 Rh6 79. Rd2 Kxf4 80. Rd5 Ke3 81. Rd4 Rh2 82. a4 Rxb2 83.
axb5 axb5 84. Kc6 Rb3 85. Rd8 1-0

[Event "*** Titled Tuesday Blitz"]
[Site "Chess.com"]
[Date "2018.10.02"]
[Round "8"]
[White "Saitama_Hero"]
[Black "FearNoEvil12"]
[Result "1-0"]
[WhiteElo "2248"]
[BlackElo "2026"]
[TimeControl "180+2"]
[EndTime "14:50:18 PDT"]
[Termination "Saitama_Hero won by resignation"]

1. d4 b5 2. e4 a6 3. Bd3 Bb7 4. Nf3 e6 5. O-O Nf6 6. Qe2 d6 7. c3 Nbd7 8. Nbd2 h6 9. Re1 g5 10. Nf1 g4 11. N3d2 h5 12. f4 gxf3 13. Nxf3 Rg8 14. Bg5 Be7 15. h4 Ng4 16. Ng3 Bxg5 17. Nxg5 Rxg5 18. hxg5 Qxg5 19. a4 h4 20. Nf1 h3 21.
axb5 a5 22. Qf3 Ndf6 23. Qxh3 Ke7 24. Ne3 Rg8 25. Nxg4 Nxg4 26. Re2 Nf6 27. Rf1 Rg6 28. Ref2 Rh6 29. Qf3 Kd8 30. Qf4 Qh5 31. Qxh6 Qxh6 32.
Rxf6 Qe3+ 33. R1f2 Qxd3 34. Rxf7 Qe3 35. Rh7 Bxe4 36. Rh3 Qc1+ 37. Kh2 Kc8 38. Rg3 Kb7 39. Rh3 Bf5 40. Rhf3 Qh6+ 41. Kg1 Qc1+ 42. Kh2 Be4 43. Rh3 Kb6 44. Rg3 Kxb5 45. Rh3 a4 46. Rg3 Bf5 47. Rgf3 d5 48. Rg3 Kc4 49. Rgf3 c5 50. dxc5 Kxc5 51. Rf4 Qd1 52. Kg3 Be4 53. Kh2 Qh5+ 54.
Kg3 Qg5+ 55. Kh2 e5 56. Rf8 d4 57. cxd4+ Kxd4 58. R8f7 Bd5 59. R7f5 Qh4+ 60. Kg1 Be4 61. Rf8 Bd3 62. R8f7 e4 63. Rd7+ Ke3 64. Rdf7 Qg5 65.
Kh2 Kd4 66. Kg1 Qg4 67. R2f4 Qg3 68. Rf2 Qe3 69. Kh2 Qh6+ 70. Kg3 e3 71. R2f4+ Ke5 72. Kf3 e2 73. Re7+ Kd6 74. Re3 Qg6 75. Rd4+ Kc5 76.
Rdxd3 Qh5+ 77. Kf2 Qg4 78. Rc3+ Kb4 79. Rxe2 Qd4+ 80.
Ke1 Qg1+ 81. Kd2 Qd4+ 82. Kc2 Qg4 83. Rd2 Qe4+ 84. Rcd3 Qc4+ 85. Rc3 Qe4+ 86. Kc1 Qe1+ 87. Rd1 Qe4 88. Rcd3 Qc4+ 89. Kb1 Qe4 90. Ka1 Qxg2 91. Rd4+ Kb5 92. R4d2 Qe4 93. Rd3 Qc4 94. Rd5+ Kc6 95. R5d4 Qc5 96. R4d3 Kb5 97. Rd5 Kc4 98. Rxc5+ Kxc5 99. Ka2 Kb4 100. Rd4+ Kb5 101. Ka3 Ka5 102. Rxa4+ Kb5 103. Rf4 1-0

[Event "*** Titled Tuesday Blitz"]
[Site "Chess.com"]
[Date "2018.10.02"]
[Round "9"]
[White "francogreek"]
[Black "evgenysharapov"]
[Result "0-1"]
[WhiteElo "2362"]
[BlackElo "2450"]
[TimeControl "180+2"]
[EndTime "14:52:58 PDT"]
[Termination "evgenysharapov won by resignation"]

1. Nf3 c5 2. g3 Nc6 3. Bg2 g6 4. O-O Bg7 5. d3 e5 6. Nbd2 Nge7 7. e4 O-O 8. Re1 d6 9. a4 Rb8 10. Nc4 a6 11. a5 Be6 12. Bd2 f6 13. c3 d5 14.
exd5 Bxd5 15. Qc2 e4 16. Nh4 exd3 17. Qxd3 Bxg2 18. Qxd8 Rfxd8 19. Nxg2 Ne5 20. Bf4 N7c6 21. Be3 Nxc4 0-1

[Event "*** Titled Tuesday Blitz"]
[Site "Chess.com"]
[Date "2018.10.02"]
[Round "9"]
[White "FearNoEvil12"]
[Black "Quiet_Desperation"]
[Result "0-1"]
[WhiteElo "2016"]
[BlackElo "1952"]
[TimeControl "180+2"]
[EndTime "14:54:17 PDT"]
[Termination "Quiet_Desperation won by resignation"]

1. e4 Nc6 2. d4 d5 3. e5 f6 4. Nf3 Bg4 5. exf6 Nxf6 6. Be2 g6 7. c3 Bg7 8. Bf4 O-O 9. Ne5 Bxe2 10. Qxe2 Ne4 11. Nd2 Rxf4 12. O-O Nxe5 13. dxe5 Nxd2 14.
Qxd2 Bxe5 15. Rfe1 Re4 16. g3 c6 17. Rxe4 dxe4 18.
Qe3 Qd3 19. Qg5 Bf6 20. Qg4 e3 21. Qe6+ Kg7 22. fxe3 Rd8 23. Rf1 Rd6 24. Qg4 Qxe3+ 25. Kg2 Rd2+ 26. Kh3 Qe2 27. Qxe2 Rxe2 28. b4 Rxa2 29. c4 Rc2 0-1

[Event "*** Titled Tuesday Blitz"]
[Site "Chess.com"]
[Date "2018.10.02"]
[Round "9"]
[White "dretch"]
[Black "hurricane7791"]
[Result "1-0"]
[WhiteElo "2782"]
[BlackElo "2698"]
[TimeControl "180+2"]
[EndTime "14:54:26 PDT"]
[Termination "dretch won by resignation"]

1. d4 Nf6 2. c4 e6 3. Nc3 Bb4 4. Qc2 c5 5. dxc5 O-O 6. a3 Bxc5 7. Bf4 Nh5 8. Bg3 Nc6 9. e3 Qe7 10. Nf3 Nxg3 11. hxg3 h6 12. g4 f5 13. gxf5 Rxf5 14.
Bd3 Rf6 15. Bh7+ Kf8 16. Ne4 Rf7 17. Bg6 Rxf3 18. gxf3 Ne5 19. Bh5 Bb6 20. f4 Nf7 21. c5 Bc7 22. Bxf7 Kxf7 23. O-O-O b6 24. Nd6+ Bxd6 25. cxd6 Qf6 26. Qe4 Rb8 27. Qe5 Qxe5 28.
fxe5 Bb7 29. Rh4 Rc8+ 30. Kd2 Rc5 31. Rf4+ Kg8 32. Rc1 Rxe5 33. Rc7 Bc6 34. Rxc6 Rd5+ 35. Rd4 1-0

[Event "*** Titled Tuesday Blitz"]
[Site "Chess.com"]
[Date "2018.10.02"]
[Round "9"]
[White "BocharovD"]
[Black "Buffy7"]
[Result "1-0"]
[WhiteElo "2792"]
[BlackElo "2648"]
[TimeControl "180+2"]
[EndTime "14:54:58 PDT"]
[Termination "BocharovD won by resignation"]

1. c4 c5 2. Nf3 g6 3. e4 Nc6 4. d4 cxd4 5. Nxd4 Nf6 6. Nc3 d6 7. Be2 Nxd4 8. Qxd4 Bg7 9. Be3 O-O 10. Qd2 a5 11. O-O a4 12. Rab1 Qa5 13. Rfc1 Bd7 14. f3 Bc6 15. Nd5 Bxd5 16. Qxa5 Rxa5 17. cxd5 Nd7 18.
Rc7 Ne5 19. Rbc1 b5 20. Rxe7 Nc4 21. Bxc4 bxc4 22. Rxc4 Rb8 23. Rcc7 Rxb2 24. Rxf7 Bf6 25. Rxf6 1-0

[Event "*** Titled Tuesday Blitz"]
[Site "Chess.com"]
[Date "2018.10.02"]
[Round "9"]
[White "Phelathegreat"]
[Black "sergeikim"]
[Result "0-1"]
[WhiteElo "2306"]
[BlackElo "2424"]
[TimeControl "180+2"]
[EndTime "14:55:14 PDT"]
[Termination "sergeikim won by checkmate"]

1. d4 Nf6 2. c4 g6 3. Nc3 Bg7 4. e4 d6 5. Bd3 O-O 6. Nge2 e5 7.
d5 a5 8. O-O Na6 9. a3 Nc5 10.
Bc2 c6 11. Rb1 cxd5 12. cxd5 Nh5 13. b4 axb4 14. axb4 Nd7 15. Be3 f5 16. exf5 gxf5 17. f4 Ndf6 18. fxe5 Ng4 19. Bd4 dxe5 20. Bc5 Rf7 21.
h3 Nh6 22. b5 e4 23. Bb3 Qe8 24. d6 Be6 25. Bxe6 Qxe6 26. Nd4 Qc4 27. Nxe4 fxe4 28. Qxh5 Bxd4+ 29. Bxd4 Qxd4+ 30. Kh1 Qxd6 31. Rfd1 Qg6 32.
Qe5 Nf5 33. Rb3 Rg7 34. Rc3 Qxg2# 0-1

[Event "*** Titled Tuesday Blitz"]
[Site "Chess.com"]
[Date "2018.10.02"]
[Round "9"]
[White "FearlessKing64"]
[Black "Rashad_Zeynalli"]
[Result "0-1"]
[WhiteElo "2198"]
[BlackElo "2346"]
[TimeControl "180+2"]
[EndTime "14:55:41 PDT"]
[Termination "Rashad_Zeynalli won by resignation"]

1. e4 c5 2. Nf3 g6 3. d4 cxd4 4. Nxd4 Bg7 5. c4 Nc6 6. Be3 Nf6 7. Nc3 Ng4 8. Qxg4 Nxd4 9. Qd1 e5 10. Qd2 d6 11. Be2 O-O 12. O-O Be6 13. Rac1 f5 14. f3 fxe4 15. fxe4 Qh4 16. g3 Qh3 17. Bxd4 exd4 18. Nb5 Bh6 19. Qxd4 Bxc1 20. Rxc1 Rad8 21. Nxa7 Rd7 22. Nb5 Rdf7 23. Rc3 Rf1+ 0-1

[Event "*** Titled Tuesday Blitz"]
[Site "Chess.com"]
[Date "2018.10.02"]
[Round "9"]
[White "Aklanion"]
[Black "ahmadzada13"]
[Result "0-1"]
[WhiteElo "2204"]
[BlackElo "2649"]
[TimeControl "180+2"]
[EndTime "14:56:25 PDT"]
[Termination "ahmadzada13 won on time"]

1. d4 Nf6 2. Nf3 e6 3. g3 b6 4. Bg2 Bb7 5. O-O c5 6. c3 Be7 7.
Bf4 Nc6 8. e3 h6 9. h4 Nd5 10. Be5 d6 11. c4 dxe5 12. cxd5 exd5 13. Nxe5 Nxe5 14. dxe5 Qd7 15. Nc3 O-O-O 16. a3 g5 17. h5 Qe6 18. a4 Qxe5 19. a5 Rd7 20. axb6 axb6 21. Ra7 Rhd8 22. Qa4 f5 0-1

[Event "*** Titled Tuesday Blitz"]
[Site "Chess.com"]
[Date "2018.10.02"]
[Round "9"]
[White "Jospem"]
[Black "Rodalquilar"]
[Result "1-0"]
[WhiteElo "2733"]
[BlackElo "2561"]
[TimeControl "180+2"]
[EndTime "14:56:45 PDT"]
[Termination "Jospem won by checkmate"]

1. c4 f5 2. Nf3 Nf6 3. g3 g6 4.
Bg2 Bg7 5. O-O O-O 6. d4 d6 7. b3 e5 8. dxe5 dxe5 9. Ba3 e4 10. Bxf8 Qxf8 11. Nd4 c6 12. Nc3 Ng4 13. h3 Ne5 14. Qd2 Bh6 15. Qc2 Na6 16. Rad1 Qa3 17. Nb1 Qe7 18. a3 Nc7 19. b4 a5 20. b5 c5 21. Nb3 a4 22. N3d2 Ne6 23. e3 b6 24.
Nc3 Ng5 25. Nd5 Qd6 26. h4 Ngf3+ 27. Nxf3 exf3 28. Bh1 Bb7 29. e4 fxe4 30. Qxe4 Rf8 31.
Rfe1 Bg7 32. Nf6+ Qxf6 33. Qxb7 Nxc4 34. Qd5+ Qf7 35. Bxf3 Nxa3 36. Qxf7+ Kxf7 37. Rd7+ Kf6 38. Rd6+ Kf5 39. Kg2 h5 40. Ree6 Nxb5 41. Be4+ Kg4 42. Rxg6# 1-0

[Event "*** Titled Tuesday Blitz"]
[Site "Chess.com"]
[Date "2018.10.02"]
[Round "9"]
[White "alishersuleymenov"]
[Black "albi1999"]
[Result "1-0"]
[WhiteElo "2485"]
[BlackElo "2395"]
[TimeControl "180+2"]
[EndTime "14:57:06 PDT"]
[Termination "alishersuleymenov won by resignation"]

1. d4 d5 2. c4 e6 3. Nc3 Bb4 4. Nf3 dxc4 5. e4 b5 6. Be2 Bb7 7. Qc2 Nf6 8. e5 Ne4 9. O-O Nxc3 10. bxc3 Be7 11. Rb1 a6 12. a4 Qd7 13. Be3 O-O 14. Ng5 Bxg5 15. Bxg5 h6 16. Be3 Nc6 17. Bxc4 bxc4 18. Rxb7 Rfb8 19. Rfb1 Qc8 20. Rxb8 Rxb8 21.
h3 Ne7 22. Rb4 Rxb4 23. cxb4 Qd7 24. Qxc4 Qxa4 25. Qxc7 Nd5 26. Qb8+ Kh7 27. Qb7 Kg6 28. Kh2 Nxb4 29. Qe4+ f5 30. exf6+ Kxf6 31. d5 exd5 32.
Bd4+ Kf7 33. Qf5+ Kg8 34. Qg4 1-0

[Event "*** Titled Tuesday Blitz"]
[Site "Chess.com"]
[Date "2018.10.02"]
[Round "9"]
[White "Lovkov_Roman"]
[Black "sergoy"]
[Result "0-1"]
[WhiteElo "2644"]
[BlackElo "2791"]
[TimeControl "180+2"]
[EndTime "14:57:08 PDT"]
[Termination "sergoy won by resignation"]

1. e4 c5 2. Nf3 e6 3. d4 cxd4 4. Nxd4 Nc6 5. Nxc6 bxc6 6. Bd3 d5 7. O-O Nf6 8. Nd2 Be7 9. b3 Bb7 10. Bb2 O-O 11.
Qf3 c5 12. exd5 Nxd5 13. Qe4 g6 14. Nf3 Bf6 15. Ne5 Rb8 16. Qg4 Nb4 17. Rad1 Qc7 18. Bxg6 hxg6 19. Rd7 Bxe5 20. Rxc7 Bxc7 21. Qh4 e5 22. f4 Rbd8 23. Bc3 Nd5 24. Bxe5 Bxe5 25. fxe5 Ne3 26. Rc1 Rd2 0-1

[Event "*** Titled Tuesday Blitz"]
[Site "Chess.com"]
[Date "2018.10.02"]
[Round "9"]
[White "Maikrosoft63"]
[Black "Last7Samurai"]
[Result "0-1"]
[WhiteElo "2569"]
[BlackElo "2739"]
[TimeControl "180+2"]
[EndTime "14:57:16 PDT"]
[Termination "Last7Samurai won by resignation"]

1. e4 e5 2. Nf3 Nc6 3. Bc4 Bc5 4. d3 Nf6 5. Nbd2 a6 6. c3 Ba7 7. O-O h6 8. h3 d6 9. Re1 g5 10. Nf1 g4 11. hxg4 Bxg4 12. Be3 Rg8 13. Bxa7 Rxa7 14. Ng3 Qd7 15. d4 Nh5 16. dxe5 Nxg3 17. fxg3 Bxf3 18.
e6 Qxe6 19. Qb3 Qg6 20. Rf1 Qxg3 21. Bxf7+ Kd8 22. Rf2 Bxg2 23. Bxg8 Bxe4+ 24. Kf1 Bd3+ 25. Re2 Qf3+ 26. Kg1 Bxe2 27. Bd5 Qg3+ 28. Bg2 Bf3 0-1

[Event "*** Titled Tuesday Blitz"]
[Site "Chess.com"]
[Date "2018.10.02"]
[Round "9"]
[White "Kouzari"]
[Black "maciek_92"]
[Result "1-0"]
[WhiteElo "2495"]
[BlackElo "2613"]
[TimeControl "180+2"]
[EndTime "14:57:17 PDT"]
[Termination "Kouzari won by resignation"]

1. d4 Nf6 2. c4 e6 3. Nc3 Bb4 4. g3 c5 5. dxc5 Na6 6. Bg2 Nxc5 7. Nh3 O-O 8. O-O Bxc3 9. bxc3 d6 10. Nf4 Qc7 11. Nd3 Rd8 12. Bg5 Ncd7 13. Qb3 h6 14. Be3 Nc5 15. Bxc5 dxc5 16. Qa3 Nd7 17. Rfd1 Re8 18.
f4 a6 19. Rab1 Rb8 20. Qc1 b6 21. Qe3 Bb7 22. Bxb7 Qxb7 23. Ne5 Nf6 24. Rd6 Qc7 25. Rc6 Qa7 26. Rd1 Red8 27. Rcd6 Qc7 28. Qd3 Rxd6 29.
Qxd6 Qb7 30. Qc6 Ne4 31. Rd8+ Kh7 32. Rxb8 1-0

[Event "*** Titled Tuesday Blitz"]
[Site "Chess.com"]
[Date "2018.10.02"]
[Round "9"]
[White "Thee-Chessboy"]
[Black "tteshan"]
[Result "1-0"]
[WhiteElo "2303"]
[BlackElo "2014"]
[TimeControl "180+2"]
[EndTime "14:57:21 PDT"]
[Termination "Thee-Chessboy won by resignation"]

1. d4 d5 2. c4 dxc4 3. Nf3 Nf6 4. Qa4+ Nc6 5. g3 Bd7 6. Qxc4 e6 7. Bg2 Bd6 8. O-O O-O 9. Rd1 a6 10. a3 Ne7 11.
Nc3 Bc6 12. Ne5 Bxg2 13. Kxg2 c6 14. e4 Qc7 15. f4 Nd7 16. Nf3 Nc8 17. Be3 Ncb6 18.
Qe2 Be7 19. Rac1 Rfd8 20. d5 exd5 21. exd5 Nc8 22. dxc6 Qxc6 23. Nd5 Qe6 24. f5 Qe4 25. Rc4 Qxf5 26. Rxc8 Qe4 27. Rxa8 Rxa8 28. Rd4 Qe6 29. Nc7 1-0

[Event "*** Titled Tuesday Blitz"]
[Site "Chess.com"]
[Date "2018.10.02"]
[Round "9"]
[White "topotun"]
[Black "akretchetov"]
[Result "1-0"]
[WhiteElo "2689"]
[BlackElo "2281"]
[TimeControl "180+2"]
[EndTime "14:57:24 PDT"]
[Termination "topotun won by resignation"]

1. e4 e5 2. Nf3 Nc6 3. Bb5 a6 4. Ba4 d6 5. O-O Bd7 6. d4 b5 7. Bb3 exd4 8. c3 d3 9. Qxd3 Nf6 10. Ng5 Ne5 11. Qg3 h6 12. f4 hxg5 13. fxe5 dxe5 14. Qxe5+ Qe7 15. Qxe7+ Bxe7 16. Bxg5 Nxe4 17. Bxe7 Kxe7 18. Rxf7+ Kd6 19. Nd2 Nc5 20. Rd1 Kc6 21. Rxg7 Bf5 22. Nf3 Nxb3 23. axb3 Be4 24. Ne5+ Kb6 25. Nd7+ Kc6 26.
Ne5+ Kb7 27. Rdd7 Rac8 28. Nf7 Bc6 29. Re7 1-0

[Event "*** Titled Tuesday Blitz"]
[Site "Chess.com"]
[Date "2018.10.02"]
[Round "9"]
[White "Synctel"]
[Black "kharov2001"]
[Result "1/2-1/2"]
[WhiteElo "2003"]
[BlackElo "2184"]
[TimeControl "180+2"]
[EndTime "14:57:42 PDT"]
[Termination "Game drawn by repetition"]

1. d4 Nf6 2. Nf3 d5 3. Bf4 c5 4.
c3 Nc6 5. e3 Qb6 6. Qb3 c4 7. Qxb6 axb6 8. Nbd2 b5 9. Ne5 Bf5 10.
Be2 e6 11. g4 Bg6 12. Nxg6 hxg6 13. O-O b4 14. e4 bxc3 15. bxc3 b5 16. Rfb1 Ra5 17. g5 Nxe4 18. Nxe4 dxe4 19. a4 bxa4 20. Bxc4 Be7 21. Bb5 Kd7 22. Rxa4 Rha8 23. Rc4 Rc8 24. Bxc6+ Rxc6 25. Rb7+ Kc8 26. Rb8+ Kd7 27. Rb7+ Kc8 28. Rb8+ Kd7 29. Rb7+ 1/2-1/2